 Dungeon Crawl Stone Soup version 0.28-a0-239-g68911e0c57 (webtiles) character file.

Game seed: 13379083557791479450

11075 porpoise the Basher (level 11, -4/109 HPs)
             Began as an Ogre Arcane Marksman on Aug 24, 2021.
             Was an Elder of Nemelex Xobeh.
             Slain by Snorg (16 damage)
             ... on level 12 of the Dungeon.
             The game lasted 01:23:32 (20357 turns).

porpoise the Basher (Ogre Arcane Marksman)         Turns: 20357, Time: 01:23:40

Health: -4/109     AC:  7    Str: 16    XL:     11   Next: 72%
Magic:  27/27      EV: 14    Int: 23    God:    Nemelex Xobeh [****..]
Gold:   633        SH:  0    Dex:  9    Spells: 10/20 levels left

rFire   . . .      SeeInvis .   a - +8 flail of Fedhas's Reproof {freeze, Contam MP+9 Int+6 Stlth+}
rCold   . . .      Faith    .   (no shield)
rNeg    . . .      Spirit   .   H - +0 steam dragon scales
rPois   .          Reflect  .   (helmet restricted)
rElec   .          Harm     .   x - +0 cloak
rCorr   .          Rampage  .   (gloves unavailable)
Will    ++...                   (boots unavailable)
Stlth   ++........              (no amulet)
HPRegen 0.28/turn               o - ring of willpower
MPRegen 0.20/turn               y - +4 ring of evasion

@: no status effects
A: large, unfitting armour, tough skin 1
a: Renounce Religion, Draw Escape, Draw Destruction, Draw Summoning, Triple
Draw, Deal Four


You were on level 12 of the Dungeon.
You worshipped Nemelex Xobeh.
Nemelex Xobeh was greatly pleased with you.
You visited 1 branch of the dungeon, and saw 12 of its levels.

You collected 633 gold pieces.

Inventory:

Hand Weapons
 a - the +8 flail of Fedhas's Reproof (weapon) {freeze, Contam MP+9 Int+6 Stlth+}
   (You took it off an orc on level 4 of the Dungeon)

   It freezes those it strikes, dealing additional cold damage.
   It can also slow down cold-blooded creatures.
   Int:       It affects your intelligence (+6).
   MP:        It affects your magic capacity (+9).
   Contam:    It causes magical contamination when unequipped.
   Stlth:     It makes you more stealthy.
 l - the +10 quick blade "Aseitz" {holy, rElec rPois Str-2 Int+7}
   (You found it on level 7 of the Dungeon)

   It has been blessed by the Shining One to cause great damage to the undead
   and demons.
   Str:       It affects your strength (-2).
   Int:       It affects your intelligence (+7).
   rElec:     It insulates you from electricity.
   rPois:     It protects you from poison.
 C - the +5 dagger of Irrepressible Laughter {speed, Int+2}
   (You found it on level 5 of the Dungeon)

   Attacks with this weapon are significantly faster.
   Int:       It affects your intelligence (+2).
 F - a +0 giant spiked club
 I - the +2 dagger "Eviscerator" {vorpal, *Noise Will+++ Str-5 Stlth+}
   (You found it on level 7 of the Dungeon)

   It inflicts extra damage upon your enemies.
   Str:       It affects your strength (-5).
   *Noise:    It may make noises in combat.
   Will:      It greatly increases your willpower.
   Stlth:     It makes you more stealthy.
 N - a +2 morningstar of flaming
 R - the +5 quarterstaff of the Fifty Ships {pain, Drain +Rage rElec}
   (You found it on level 9 of the Dungeon)

   In the hands of one skilled in necromantic magic, it inflicts extra damage on
   living creatures.
   rElec:     It insulates you from electricity.
   +Rage:     It lets you go berserk.
   Drain:     It drains your maximum health when unequipped.
Missiles
 g - 2 throwing nets
 p - 14 large rocks (quivered)
 t - 4 datura-tipped darts
 v - 112 poisoned darts
 w - 3 boomerangs
Armour
 x - a +0 cloak (worn)
 H - +0 steam dragon scales (worn)
 M - +0 swamp dragon scales
 U - a +2 kite shield
Magical Staves
 u - a staff of death
Jewellery
 e - a +6 ring of dexterity
 o - a ring of willpower (left hand)
 s - a +6 ring of strength
 y - a +4 ring of evasion (right hand)
 J - a ring of willpower
 L - a ring of resist corrosion
 O - a +4 ring of evasion
 T - a ring of fire
 Y - an amulet of guardian spirit
Wands
 d - a wand of iceblast (7)
 m - a wand of paralysis (13)
Scrolls
 b - 3 scrolls of vulnerability
 c - 4 scrolls of teleportation
 j - a scroll of blinking {unknown}
 k - a scroll of immolation
 r - 3 scrolls of noise
 z - a scroll of magic mapping
 A - a scroll of torment {unknown}
 B - a scroll of amnesia
 E - a scroll of fear {unknown}
 G - a scroll of summoning {unknown}
 K - 2 scrolls of fog
 Q - a scroll of silence {unknown}
 V - 2 scrolls of identify
 X - a scroll of acquirement {unknown}
Potions
 f - 2 potions of lignification
 h - 2 potions of flight
 n - 3 potions of cancellation
 q - a potion of heal wounds
 D - a potion of curing
 P - a potion of mutation
 S - a potion of ambrosia
 W - 2 potions of brilliance
 Z - a potion of might


   Skills:
 - Level 7.0 Fighting
 - Level 8.0 Maces & Flails
 + Level 4.1 Throwing
 - Level 5.0 Dodging
 - Level 5.0 Spellcasting
 - Level 5.0 Conjurations
 - Level 5.0 Hexes
 - Level 5.0 Translocations
 - Level 5.0 Air Magic
 - Level 5.0 Poison Magic
 - Level 5.0 Invocations
 + Level 0.0 Evocations


You had 10 spell levels left.
You knew the following spells:

 Your Spells              Type           Power      Damage    Failure   Level
c - Corona                Hex            31%        N/A       1%          1
f - Swiftness             Air            28%        N/A       3%          3
m - Mephitic Cloud        Conj/Pois/Air  28%        N/A       3%          3
p - Portal Projectile     Hex/Tloc       56%        N/A       3%          3

Your spell library contained the following spells:

 Spells                   Type           Power      Damage    Failure   Level
 Apportation              Tloc           56%        N/A       1%          1
 Magic Dart               Conj           100%       1d8       1%          1
 Shock                    Conj/Air       100%       1d9       1%          1
 Poisonous Vapours        Pois/Air       56%        N/A       1%          2
 Slow                     Hex            28%        N/A       1%          2
 Static Discharge         Conj/Air       28%        N/A       1%          2
 Gell's Gravitas          Tloc           14%        N/A       3%          3
 Lesser Beckoning         Tloc           14%        N/A       3%          3
 Teleport Other           Tloc           28%        N/A       3%          3
 Corpse Rot               Necr/Air       N/A        N/A       4%          2
 Ensorcelled Hibernation  Hex/Ice        34%        N/A       4%          2
 Animate Skeleton         Necr           10%        N/A       10%         1
 Summon Small Mammal      Summ           20%        N/A       10%         1
 Inner Flame              Hex/Fire       17%        N/A       10%         3
 Spider Form              Tmut/Pois      8%         N/A       10%         3
 Airstrike                Air            14%        N/A       12%         4
 Cause Fear               Hex            14%        N/A       12%         4
 Call Imp                 Summ           5%         N/A       14%         2
 Passwall                 Tmut/Erth      4%         N/A       14%         2
 Sublimation of Blood     Necr           2%         N/A       14%         2
 Wereblood                Tmut           5%         N/A       14%         2
 Ignite Poison            Fire/Tmut/Pois 13%        N/A       14%         3
 Sticky Flame             Conj/Fire      17%        2d4       32%         4
 Freezing Cloud           Conj/Ice/Air   10%        6-21      56%         5
 Dispel Undead            Necr           5%         3d7       67%         4
 Irradiate                Conj/Tmut      8%         3d16      67%         5
 Bolt of Magma            Conj/Fire/Erth 6%         4d6       80%         5
 Invisibility             Hex            14%        N/A       88%         6
 Blade Hands              Tmut           2%         N/A       95%         5
 Shadow Creatures         Summ           N/A        N/A       100%        6
 Dragon Form              Tmut           2%         N/A       100%        7
 Summon Hydra             Summ           2%         N/A       100%        7


Dungeon Overview and Level Annotations

Branches:
Dungeon (12/15)            Temple (0/1) D:4            Lair (0/6) D:8
    Orc (0/2) D:9

Altars:
Ashenzari
Elyvilon
Gozag
Hepliaklqana
Makhleb
Nemelex Xobeh
Qazlal
Sif Muna
Trog
Uskayaw
Vehumet
Wu Jian
Yredelemnul

Annotations:
D:4 2 runed translucent doors
D:12 Snorg


Innate Abilities, Weirdness & Mutations

You are too large for most types of armour.
You have tough skin. (AC +1)


Message History

You thump Snorg! You freeze Snorg.
Snorg is moderately wounded.
Snorg bites you! Snorg misses you. Snorg claws you.
You are too injured to fight recklessly!
Throw: 17 large rocks
Press: ? - help, Q - select action, (/) - cycle Shift-Dir - straight line, f/p - Snorg
Aim: Snorg (moderately wounded, 60% to hit)
You throw a large rock. The large rock hits Snorg!!
Snorg is heavily wounded.
Snorg bites you. Snorg claws you. x2; Snorg misses you. Snorg claws you.
Snorg barely misses you.
Throw: 16 large rocks
Press: ? - help, Q - select action, (/) - cycle Shift-Dir - straight line, f/p - Snorg
Aim: Snorg (heavily wounded, 60% to hit)
You throw a large rock. The large rock hits Snorg!!
Snorg is severely wounded.
Snorg closely misses you. Snorg claws you but does no damage. Snorg claws you!
* * * LOW HITPOINT WARNING * * *
Snorg closely misses you. Snorg claws you.
* * * LOW HITPOINT WARNING * * *
Snorg claws you but does no damage.
Throw: 15 large rocks
Press: ? - help, Q - select action, (/) - cycle Shift-Dir - straight line, f/p - Snorg
Aim: Snorg (severely wounded, 60% to hit)
You throw a large rock. The large rock hits Snorg.
Snorg is severely wounded.
Snorg goes berserk!
Snorg bites you.
* * * LOW HITPOINT WARNING * * *
Snorg claws you.
* * * LOW HITPOINT WARNING * * *
Snorg claws you!
* * * LOW HITPOINT WARNING * * *
Okay, then.
You feel much better. Snorg bites you!
* * * LOW HITPOINT WARNING * * *
Snorg claws you.
* * * LOW HITPOINT WARNING * * *
Snorg claws you!
You die...
Your body disappears without a glow.

.. # . #. #.
#.. .##########
#(.. ..........
#.#..#.........
#.....T........
#...###@##
#.#.#....#
...####'##
#.........#
....
#.##..##..#
.....
#.##......#
.......
#.........#
.......#
#.........#
.#......
#.........#
.......


You could see Snorg (berserk).

Vanquished Creatures
  3 cyclopes
  2 ugly things
  2 gargoyles
  Maggie (D:8)
  2 unseen horrors (D:10)
  A troll (D:10)
  A hornet (D:9)
  A shadow (D:11)
  Sigmund (D:5)
  4 wraiths
  A wyvern (D:11)
  Eustachio (D:4)
  3 vampire mosquitoes (D:10)
  3 steam dragons
  3 water moccasins (D:7)
  5 orc warriors
  3 sky beasts
  2 ice beasts
  An ogre (D:6)
  3 centaurs
  A phantom (D:5)
  A kobold brigand (D:9)
  3 bullfrogs
  A wyvern zombie (D:6)
  A gnoll sergeant (D:10)
  Blork the orc (D:4)
  4 scorpions
  6 killer bees
  2 water moccasin skeletons
  5 howler monkeys
  9 wights
  A bullfrog zombie (D:4)
  A crimson imp (D:6)
  3 centaur zombies
  3 jellies
  Crazy Yiuf (D:5)
  3 centaur skeletons
  6 orc priests
  3 hounds
  4 iguanas
  Jessica (D:3)
  6 orc wizards
  Ijyb (D:4)
  2 hound skeletons
  2 howler monkey zombies
  11 gnolls
  3 adders
  A white imp (D:6)
  2 ufetubi (D:5)
  2 adder zombies (D:5)
  An adder skeleton (D:4)
  3 worms
  A dart slug (D:1)
  34 orcs
  7 ball pythons
  5 endoplasms (D:1)
  5 giant cockroaches
  13 goblins
  7 hobgoblins
  12 jackals
  16 kobolds
  5 quokkas
  5 bats
  2 frilled lizards (D:1)
  A quokka skeleton (D:4)
  3 rats (D:2)
  A spectral orc (D:7)
254 creatures vanquished.

Vanquished Creatures (collateral kills)
  A hornet (D:8)
  A vampire mosquito (D:10)
  A bullfrog (D:9)
  A gnoll sergeant (D:9)
  2 killer bees (D:9)
  A howler monkey (D:8)
  A gnoll (D:9)
  2 orcs (D:6)
10 creatures vanquished.

Vanquished Creatures (others)
  An orc priest (D:11)
  An orc wizard (D:11)
  A shadow imp (D:8)
  3 fungi (D:8)
  4 plants (D:8)
10 creatures vanquished.

Grand Total: 274 creatures vanquished

Notes
Turn   | Place    | Note
-------+----------+-------------------------------------------
     0 | D:1      | porpoise the Ogre Arcane Marksman began the quest for the
                  | Orb.
     0 | D:1      | Reached XP level 1. HP: 19/19 MP: 2/2
   407 | D:1      | Reached XP level 2. HP: 27/28 MP: 3/3
   500 | D:1      | Reached skill level 1 in Maces & Flails
   841 | D:1      | Found a faded altar of an unknown god.
  1596 | D:1      | Reached XP level 3. HP: 37/37 MP: 4/4
  2717 | D:2      | Reached skill level 2 in Maces & Flails
  2717 | D:2      | Reached XP level 4. HP: 48/48 MP: 5/5
  3710 | D:2      | Reached XP level 5. HP: 44/55 MP: 6/6
  3779 | D:3      | Noticed Jessica
  3781 | D:3      | Killed Jessica
  3829 | D:2      | Reached skill level 3 in Maces & Flails
  3913 | D:2      | Reached skill level 5 in Fighting
  4438 | D:3      | Learned a level 3 spell: Mephitic Cloud
  4984 | D:3      | Reached XP level 6. HP: 43/66 MP: 7/7
  5158 | D:3      | Found a hazy altar of Hepliaklqana.
  5611 | D:4      | Noticed Eustachio
  5629 | D:4      | HP: 3/66 [quokka[Eustachio] (1)]
  5630 | D:4      | Killed Eustachio
  5631 | D:4      | Reached skill level 4 in Maces & Flails
  6064 | D:4      | Found a sparkling altar of Nemelex Xobeh.
  6071 | D:4      | Became a worshipper of Nemelex Xobeh the Trickster
  6106 | D:4      | Found a stormy altar of Qazlal.
  6164 | D:4      | Noticed Blork the orc
  6173 | D:4      | Killed Blork the orc
  6174 | D:4      | Reached XP level 7. HP: 34/76 MP: 8/8
  6622 | D:4      | Noticed Ijyb
  6638 | D:4      | Killed Ijyb
  7046 | D:4      | Found a large runed translucent door.
  7046 | D:4      | Found a large runed translucent door.
  7113 | D:4      | Identified the +8 flail of Fedhas's Reproof {freeze, Contam
                  | MP+9 Int+6 Stlth+}
  7405 | D:4      | Found a large runed translucent door.
  7405 | D:4      | Found a large runed translucent door.
  7616 | D:4      | Reached skill level 5 in Maces & Flails
  7639 | D:4      | Identified the +3 hand axe of Theory {venom, Str+5 Dex-4
                  | Stlth+}
  7719 | D:4      | Found a staircase to the Ecumenical Temple.
  8088 | D:4      | Learned a level 3 spell: Portal Projectile
  8135 | D:5      | Entered Level 5 of the Dungeon
  8265 | D:5      | Found an ornate altar of the Wu Jian Council.
  8316 | D:5      | Noticed Sigmund
  8324 | D:5      | Killed Sigmund
  8325 | D:5      | Reached XP level 8. HP: 87/87 MP: 9/9
  8716 | D:5      | Found a runed translucent door.
  8717 | D:5      | Noticed Crazy Yiuf
  8725 | D:5      | Killed Crazy Yiuf
  9098 | D:5      | Reached * piety under Nemelex Xobeh
  9130 | D:5      | Reached skill level 6 in Maces & Flails
  9438 | D:5      | Received a gift from Nemelex Xobeh
  9788 | D:5      | Identified the +5 dagger of Irrepressible Laughter {speed,
                  | Int+2}
 10136 | D:6      | Reached skill level 5 in Dodging
 10141 | D:6      | Reached skill level 1 in Invocations
 10227 | D:6      | Reached skill level 7 in Maces & Flails
 10248 | D:6      | Reached XP level 9. HP: 72/93 MP: 10/10
 10818 | D:6      | Found a radiant altar of Vehumet.
 10824 | D:6      | Found a burning altar of Makhleb.
 10999 | D:6      | Reached ** piety under Nemelex Xobeh
 11326 | D:6      | Learned a level 3 spell: Swiftness
 11355 | D:6      | Received a gift from Nemelex Xobeh
 11590 | D:7      | Reached skill level 8 in Maces & Flails
 11590 | D:7      | Reached skill level 5 in Invocations
 12029 | D:7      | Found an opulent altar of Gozag.
 12059 | D:7      | Found a shimmering blue altar of Sif Muna.
 12088 | D:7      | Reached skill level 1 in Air Magic
 12421 | D:7      | Identified the +10 quick blade "Aseitz" {holy, rElec rPois
                  | Str-2 Int+7}
 12434 | D:7      | Identified the +2 dagger "Eviscerator" {vorpal, *Noise
                  | Will+++ Str-5 Stlth+}
 12950 | D:7      | Found a basalt altar of Yredelemnul.
 13045 | D:7      | Reached XP level 10. HP: 60/102 MP: 14/14
 13225 | D:8      | Reached skill level 5 in Hexes
 13369 | D:7      | Reached skill level 1 in Conjurations
 13374 | D:7      | Reached skill level 1 in Translocations
 13374 | D:7      | Reached skill level 1 in Poison Magic
 13580 | D:8      | Found a hide-covered altar of Uskayaw.
 13672 | D:8      | Found a staircase to the Lair.
 13887 | D:8      | Noticed Maggie
 13901 | D:8      | Killed Maggie
 14068 | D:8      | Reached *** piety under Nemelex Xobeh
 14179 | D:9      | Noticed a cyclops
 14183 | D:9      | Killed a cyclops
 14288 | D:9      | Noticed a gargoyle
 14295 | D:9      | Killed a gargoyle
 14392 | D:9      | Noticed a cyclops
 14397 | D:9      | Killed a cyclops
 14516 | D:9      | Noticed a purple ugly thing
 14527 | D:9      | Killed a purple ugly thing
 14807 | D:9      | Identified the +2 long sword of Musoul {vorpal, Fly rF+
                  | Will+}
 15072 | D:9      | Reached skill level 5 in Translocations
 15083 | D:9      | Found a staircase to the Orcish Mines.
 15114 | D:9      | Identified the +5 quarterstaff of the Fifty Ships {pain,
                  | Drain +Rage rElec}
 15513 | D:10     | Entered Level 10 of the Dungeon
 15568 | D:10     | Received a gift from Nemelex Xobeh
 15628 | D:10     | Found a bloodstained altar of Trog.
 15654 | D:10     | Reached **** piety under Nemelex Xobeh
 15707 | D:10     | Reached XP level 11. HP: 76/109 MP: 15/15
 15878 | D:10     | Found a white marble altar of Elyvilon.
 15886 | D:10     | Reached skill level 5 in Air Magic
 16355 | D:9      | Reached skill level 5 in Poison Magic
 16778 | D:10     | Found a broken altar of Ashenzari.
 17437 | D:11     | Noticed a boulder beetle
 17440 | D:11     | Noticed a brown ugly thing
 17624 | D:10     | Killed a brown ugly thing
 18002 | D:11     | Noticed a cyclops
 18008 | D:11     | Killed a cyclops
 18028 | D:10     | HP: 5/109 [vampire mosquito (10)]
 18034 | D:10     | Reached skill level 5 in Spellcasting
 18965 | D:11     | Received a gift from Nemelex Xobeh
 19174 | D:11     | Reached skill level 5 in Conjurations
 20346 | D:12     | Noticed Snorg
 20357 | D:12     | Slain by Snorg

Illustrated notes

Levels and vault maps discovered:
D:1:      lemuel_arrival_river_ford, layout_basic,
          dreamdust_ecumenical_altar_angels_and_demons
D:2:      minmay_skewed_foursquare, layout_basic, feat_on_display
D:3:      layout_rooms, mainiacjoe_overflow_surrounded_room, uniq_jessica
D:4:      layout_basic, nemelex_diamond_rough_becter, grunt_qazlal_sundering,
          minmay_temple_entry_glassed_door, minmay_hollow_rounded_squares,
          uniq_eustachio, uniq_ijyb, uniq_blork_the_orc
D:5:      layout_gridville, nzn_wu_jian_contemplation,
          minmay_stone_trees_medium, uniq_sigmund, uniq_crazy_yiuf_cottage
D:6:      layout_cave_pods, grunt_temple_overflow_lords_of_destruction
D:7:      layout_basic, yredelemnul_forgotten_temple_becter,
          mainiacjoe_overflow_catch_the_wave
D:8:      layout_gridville, mainiacjoe_overflow_tiny_flanked,
          grunt_lair_entry_orc_guard_hut, uniq_maggie
D:9:      layout_basic, orc_0_dummy, kb_rosetta
D:10:     layout_grid_maze, nicolae_overflow_crystal_walls,
          overflow_temple_1_default, ashenzari_altar_1, grunt_ministairs_6
D:11:     layout_rooms, gauntlet_entry_generic
D:12:     layout_stronghold, serial_shops, nicolae_shop_statue_plus, uniq_snorg

Skill      XL: |  1  2  3  4  5  6  7  8  9 10 11 |
---------------+----------------------------------+-----
Fighting       | 2 3 4 5 6 7 |  7.0
Maces & Flails | 1 2 3 4 5 7 8 |  8.0
Dodging        | 3 5 |  5.0
Invocations    | 2 5 |  5.0
Spellcasting   | 3 5 |  5.0
Hexes          | 4 5 |  5.0
Air Magic      | 3 4 5 |  5.0
Conjurations   | 3 5 |  5.0
Translocations | 5 |  5.0
Poison Magic   | 3 5 |  5.0
Throwing       | 4 |  4.1

Action                   |  1- 3 |  4- 6 |  7- 9 | 10-12 || total
-------------------------+-------+-------+-------+-------++-------
Melee: Whip              |   149 |       |       |       ||   149
       Unarmed           |    18 |       |       |       ||    18
       Mace              |    38 |   175 |    39 |       ||   252
       Flail             |       |       |   170 |   277 ||   447
Throw: Large rock        |     1 |    16 |    13 |    41 ||    71
       Stone             |       |    12 |    20 |       ||    32
       Throwing net      |       |     3 |     1 |       ||     4
       Boomerang         |       |       |    82 |    46 ||   128
       Dart              |       |       |    18 |     7 ||    25
 Cast: Corona            |       |     2 |       |     1 ||     3
Invok: Draw Destruction  |       |       |     7 |    10 ||    17
       Draw Summoning    |       |       |       |     4 ||     4
       Draw Escape       |       |       |       |     3 ||     3
Evoke: Wand              |       |       |     3 |     1 ||     4
  Use: Scroll            |       |     2 |     6 |     9 ||    17
       Potion            |       |       |     1 |     7 ||     8
 Stab: Sleeping          |     3 |       |     4 |     1 ||     8
       Held in net/web   |       |     1 |       |       ||     1
       Paralysed         |       |       |       |     2 ||     2
Armor: Robe              |    45 |    45 |    48 |       ||   138
       Steam dragon scal |       |       |     6 |   101 ||   107
Dodge: Dodged            |    88 |   100 |   116 |   290 ||   594

Table legend: (Time is in decaauts)
 A = Elapsed time spent in this place.
 B = Non-inter-level travel time spent in this place.
 C = Inter-level travel time spent in this place.
 D = Time resting spent in this place.
 E = Time spent auto-exploring this place.
 F = Levels seen in this place.
 G = Mean time per level.
                   A        B        C        D        E       F      G
               +--------+--------+--------+--------+--------+-----+--------+
         Total |  20610 |  20077 |    533 |  10765 |   5702 |  12 | 1717.5 |
       Dungeon |  20610 |  20077 |    533 |  10765 |   5702 |  12 | 1717.5 |
               +--------+--------+--------+--------+--------+-----+--------+

Top non-repeatable levels by time:
    D:10: 3605 daAuts
     D:2: 2588 daAuts
     D:4: 2249 daAuts
     D:1: 1947 daAuts
     D:5: 1879 daAuts
     D:7: 1847 daAuts
     D:9: 1638 daAuts
     D:6: 1524 daAuts
     D:3: 1512 daAuts
    D:11: 954 daAuts
     D:8: 714 daAuts
    D:12: 147 daAuts
